AoeStats
← Fazzz7z

Oasis

508275278Analyzed
2v2 RM · 10d ago on Sep 21, 2026· 38m 47s· 4 players
Game mode
Random Map
Map size
Medium (4 player)
Population
200
Speed
Normal
Resources
Standard
Victory
Conquest
Starting age
Dark Age
Ending age
Imperial Age
RankedLock teamsTeams togetherTeam positionsShared explorationLock speedFull tech treeHidden civsTurbo modeCheats
Victory
Defeat
🇬🇧 Georgians · United Kingdom
1465
+14
🇩🇪 Persians · Germany
1458
+14
🇳🇱 Mongols · Netherlands
1435
-15
🇧🇷 Khmer · Brazil
1385
-13
cэsar
5:39 Loom
8:42 Feudal Age
9:30 Double-Bit Axe
16:10 Wheelbarrow
16:27 Bloodlines
22:48 Castle Age
23:56 Bow Saw
24:08 Scale Barding Armor
24:14 Forging
24:27 Husbandry
24:17 Pikeman
25:19 Chain Barding Armor
25:00 Scale Mail Armor
29:35 Light Cavalry
37:49 Horse Collar
GosuRage_
7:09 Loom
9:28 Feudal Age
10:19 Horse Collar
16:10 Town Watch
21:06 Castle Age
19:47 Double-Bit Axe
21:46 Wheelbarrow
30:29 Pikeman
32:29 Scale Mail Armor
34:01 Chain Mail Armor
Osayi.
8:17 Feudal Age
8:43 Double-Bit Axe
10:22 Loom
17:22 Scale Barding Armor
17:27 Forging
20:49 Forging
20:28 Horse Collar
24:34 Castle Age
25:20 Bow Saw
25:11 Heavy Plow
24:57 Light Cavalry
27:12 Wheelbarrow
27:03 Stone Mining
27:04 Gold Mining
30:43 Hand Cart
30:14 Town Watch
31:37 Fletching
32:17 Bodkin Arrow
32:30 Kamandaran
35:18 Imperial Age
33:15 Kamandaran
33:33 Crossbowman
35:20 Padded Archer Armor
39:52 Chemistry
Fazzz7z
10:08 Feudal Age
11:01 Double-Bit Axe
10:59 Horse Collar
20:07 Castle Age
19:17 Bloodlines
19:29 Gold Mining
20:03 Scale Barding Armor
21:47 Chain Barding Armor
24:12 Husbandry
26:42 Forging
28:18 Wheelbarrow
33:04 Loom
34:32 Iron Casting
34:55 Heavy Plow
35:06 Bow Saw
40:04 Imperial Age
39:32 Hand Cart
Connection lost

Rejoining the realm…

Still unreachable

The connection could not be restored.

Session expired

The server has moved on; the page needs a fresh start.